 Dungeon Crawl Stone Soup version 0.23.2-11-gf996548 (webtiles) character file.

Game seed: 9857320902015800405

242 Fang the Skirmisher (level 6, 0/39 HPs)
             Began as a Gargoyle Berserker on June 6, 2019.
             Was a Believer of Trog.
             Slain by Pikel
             ... wielding a +1 whip of flaming
              (1 damage)
             ... on level 3 of the Dungeon.
             The game lasted 00:01:36 (1613 turns).

Fang the Skirmisher (Gargoyle Berserker)            Turns: 1613, Time: 00:01:36

Health: 0/39       AC: 13    Str: 22    XL:     6   Next: 9%
Magic:  6/6        EV:  9    Int:  8    God:    Trog [**....]
Gold:   147        SH:  0    Dex:  9    Spells: 5/5 levels left

rFire    . . .     SeeInvis .   a - +0 hand axe
rCold    . . .     Gourm    .   (no shield)
rNeg     + + .     Faith    .   b - +0 chain mail
rPois    ∞         Spirit   .   (no helmet)
rElec    +         Reflect  .   (no cloak)
rCorr    .         Harm     .   (no gloves)
MR       ++...                  (no boots)
Stlth    ..........             (no amulet)
HPRegen  1.13/turn              g - ring of positive energy
MPRegen  0.10/turn              (no ring)

@: berserk cooldown, regenerating, slowed, very slow
A: negative energy resistance 1, electricity resistance, unbreathing,
petrification resistance, rot immunity, AC +4
a: Berserk, Trog's Hand, Renounce Religion


You were on level 3 of the Dungeon.
You worshipped Trog.
Trog was pleased with you.
You were hungry.

You visited 1 branch of the dungeon, and saw 4 of its levels.

You collected 147 gold pieces.

Inventory:

Hand Weapons
 a - a +0 hand axe (weapon)
Armour
 b - a +0 chain mail (worn)
Jewellery
 g - a ring of positive energy (left hand)
Wands
 q - a wand of random effects (16)
Scrolls
 d - a scroll of enchant armour {unknown}
 e - a scroll of teleportation {unknown}
 f - a scroll of fog {unknown}
 h - a scroll of immolation {unknown}
 j - 3 scrolls of identify {unknown}
 l - 2 scrolls of amnesia {unknown}
 o - a scroll of fear {unknown}
 p - a scroll of enchant weapon {unknown}
 r - a scroll of magic mapping {unknown}
Potions
 k - a potion of lignification {unknown}
 m - 3 potions of brilliance {unknown}
 n - 2 potions of degeneration {unknown}
Comestibles
 c - 3 rations
 i - 5 chunks of flesh


   Skills:
 + Level 4.6 Fighting
 + Level 3.7 Axes
 + Level 3.9 Armour
 + Level 2.8 Dodging


You had 5 spell levels left.
You didn't know any spells.
Your spell library was empty.

Dungeon Overview and Level Annotations

Branches:
Dungeon (4/15)
 Temple: D:4-7

Altars:
Cheibriados
The Shining One

Annotations:
D:3 Pikel


Innate Abilities, Weirdness & Mutations

You are resistant to torment.
Your stone body is resilient. (AC +4)
You are immune to poison.
You resist negative energy. (rN+)
You are resistant to electric shocks. (rElec)
You can survive without breathing.
You are immune to petrification.
You are immune to rotting.


Message History

The slave hits you.
* * * LOW HITPOINT WARNING * * *
The slave hits you but does no damage.
Pikel says, "Slavery isn't that bad."
The slave hits you.
* * * LOW HITPOINT WARNING * * *
Pikel hits you but does no damage. Pikel hits you but does no damage.
Pikel hits you but does no damage.
There is a stone staircase leading up here.
Pikel barely misses you. The slave hits you but does no damage.
You climb upwards.
There is a stone staircase leading down here.
Your skin crawls.
You feel resistant to hostile enchantments.
You feel somewhat more hungry. Pikel barely misses you.
Pikel hits you with a +1 whip of flaming.
* * * LOW HITPOINT WARNING * * *
Pikel burns you.
You die...

########.########.#.......#....##
#.# ####.##..####.....## #.###
#........###..###### #...#
#>###..####..## #
###.###.##....#...## ####
#######.##.....##...#######...
##............................_
##..#####...####.##.#########..8
#..####........@.##.# #.._
##.####.......†K.###.# #...
...###.........(..##.# #...
.##...........)...##.# ####
....##............##.######
.................##...#...##
..######...##...##.........## ..#
##########...........# ..#
#...........#


You could see Pikel.

Vanquished Creatures
  2 slaves (D:4)
  An orc priest (D:3)
  An orc wizard (D:3)
  A bullfrog skeleton (D:3)
  A worker ant (D:3)
  6 adders
  An ooze (D:1)
  An adder skeleton (D:2)
  2 worms
  4 dart slugs
  2 leopard geckos
  An orc (D:3)
  5 bats
  5 goblins
  7 hobgoblins
  2 jackals (D:1)
  8 kobolds
  2 quokkas
  4 frilled lizards
  9 rats
65 creatures vanquished.

Notes
Turn   | Place    | Note
-------+----------+-------------------------------------------
     0 | D:1      | Fang the Gargoyle Berserker began the quest for the Orb.
     0 | D:1      | Reached XP level 1. HP: 14/14 MP: 1/1
    80 | D:1      | Reached XP level 2. HP: 8/19 MP: 2/2
   584 | D:1      | Reached XP level 3. HP: 21/23 MP: 3/3
   838 | D:2      | Reached ** piety under Trog
  1018 | D:2      | Reached XP level 4. HP: 25/29 MP: 4/4
  1164 | D:3      | Reached skill level 4 in Fighting
  1243 | D:3      | Reached XP level 5. HP: 27/33 MP: 5/5
  1305 | D:3      | Found a glowing golden altar of the Shining One.
  1305 | D:3      | Found a snail-covered altar of Cheibriados.
  1492 | D:3      | Reached XP level 6. HP: 38/39 MP: 6/6
  1582 | D:4      | Noticed a slave
  1583 | D:4      | Noticed Pikel
  1583 | D:4      | Noticed a slave
  1583 | D:4      | Noticed a slave
  1584 | D:4      | Noticed a slave
  1598 | D:4      | Killed a slave
  1603 | D:4      | Killed a slave
  1606 | D:4      | HP: 1/39 [slave[Pikel] (5)]
  1613 | D:3      | HP: 1/39 [Pikel/+1 whip of flaming (3)]
  1613 | D:3      | Slain by Pikel

Skill      XL: |  1  2  3  4 |
---------------+-------------+-----
Axes           | 3 |  3.7
Dodging        | 2 |  2.8
Armour         | 3 |  3.9
Fighting       | 4 |  4.6

Action                   |  1- 3 |  4- 6 || total
-------------------------+-------+-------++-------
Melee: Hand axe          |    94 |   134 ||   228
Invok: Berserk           |       |     2 ||     2
       Trog's Hand       |       |     1 ||     1
  Eat: Chunk             |       |     4 ||     4
Armor: Animal skin       |    21 |       ||    21
       Chain mail        |    41 |   126 ||   167
Dodge: Dodged            |    68 |    67 ||   135
